AoeStats
← Babe_Gutot

Nomad

504617405Analyzed
3v3 RM · 26d ago on Sep 6, 2026· 21m 19s· 6 players
Game mode
Random Map
Map size
210×210
Population
200
Speed
Normal
Resources
Standard
Victory
Conquest
Starting age
Dark Age
Ending age
Imperial Age
RankedLock teamsTeams togetherTeam positionsShared explorationLock speedFull tech treeHidden civsTurbo modeCheats
Victory
Defeat
🇺🇸 Byzantines · United States
839
+11
🇺🇸 Italians · United States
817
+12
🇧🇷 Huns · Brazil
766
+14
🇲🇰 Goths · North Macedonia
758
-21
🇵🇪 Turks · Peru
752
-13
🇧🇷 Spanish · Brazil
659
-10
TORRES
Babe_Gutot
17:10 Feudal Age
18:28 Wheelbarrow
17:44 Double-Bit Axe
gabibozolan
4:01 Loom
16:39 Feudal Age
17:24 Double-Bit Axe
17:22 Horse Collar
17:36 Fishing Lines
17:45 Town Watch
sleW
11:37 Loom
15:07 Feudal Age
20:11 Fishing Lines
21:22 Wheelbarrow
BloodTearss
6:47 Loom
12:26 Feudal Age
itsdebbie
17:50 Feudal Age
16:34 Loom
19:14 Wheelbarrow
19:46 Man-at-Arms
Connection lost

Rejoining the realm…

Still unreachable

The connection could not be restored.

Session expired

The server has moved on; the page needs a fresh start.